 Dungeon Crawl Stone Soup version 0.29-a0-469-gd254ca66d9 (webtiles) character file.

Game seed: 12040537274483393594

60 Bruhh the Gusty (level 3, 0/26 HPs)
             Began as a Demigod Air Elementalist on May 22, 2022.
             Slain by Pargi (4 damage)
             ... in a sewer.
             The game lasted 00:02:44 (2699 turns).

Bruhh the Gusty (Demigod Air Elementalist)          Turns: 2699, Time: 00:02:45

Health: 0/26       AC:  2    Str:  9    XL:     3   Next: 57%
Magic:  1/9        EV: 12    Int: 21    God:
Gold:   102        SH:  0    Dex: 14    Spells: 4/7 levels left

rFire   . . .      SeeInvis .   j - staff of earth
rCold   . . .      Faith    .   (no shield)
rNeg    . . .      Spirit   .   a - +0 robe
rPois   .          Reflect  .   (no helmet)
rElec   .          Harm     .   (no cloak)
rCorr   .          Rampage  .   (no gloves)
Will    .....                   (no boots)
Stlth   ++........              (no amulet)
HPRegen 0.08/turn               (no ring)
MPRegen 0.11/turn               (no ring)

@: no status effects
A: high MP 1, forlorn, divine attributes
a: no special abilities


You were in a sewer.
You visited 1 branch of the dungeon, and saw 3 of its levels.
You also visited: Sewer.

You collected 102 gold pieces.

Inventory:

Armour
 a - a +0 robe (worn)
 o - a +0 buckler
Magical Staves
 j - a staff of earth (weapon)
Jewellery
 n - a ring of wizardry
Scrolls
 c - a scroll of poison
 d - a scroll of identify
 h - 2 scrolls of blinking {unknown}
 i - a scroll of silence {unknown}
Potions
 b - a potion of magic
 e - 3 potions of mutation {unknown}
 f - 2 potions of heal wounds {unknown}
 g - 2 potions of curing {unknown}
 k - 2 potions of degeneration {unknown}
 l - a potion of brilliance {unknown}
 m - a potion of might {unknown}


   Skills:
 - Level 1.7 Dodging
 - Level 1.7 Stealth
 + Level 2.7 Spellcasting
 + Level 2.2 Conjurations
 - Level 3.0 Air Magic


You had 4 spell levels left.
You knew the following spells:

 Your Spells              Type           Power      Damage    Failure   Level
a - Shock                 Conj/Air       52%        1d6       4%          1
b - Static Discharge      Conj/Air       13%        N/A       7%          2

Your spell library contained the following spells:

 Spells                   Type           Power      Damage    Failure   Level
 Swiftness                Air            15%        N/A       12%         3
 Airstrike                Air            7%         N/A       36%         4


Dungeon Overview and Level Annotations

Branches:
Dungeon (3/15)              Sewer (1/1)

Annotations:
Sewer Pargi


Innate Abilities, Weirdness & Mutations

You have an increased reservoir of magic. (+10% MP)
You shall have no god before yourself.
Your divine heritage dramatically boosts your attributes as you level up.


Message History

Found a gate leading back out of this place.
There is an empty arch of ancient stone here.
You open the door.
Pargi the Meek comes into view.
Pargi is nearby!
As you read the scroll labelled RUAHOXT BAMOORR, it crumbles to dust.
It is a scroll of identify.
c - a scroll of poison
Casting: Shock (safe; 4% risk of failure)
Confirm with . or Enter, or press ? or * to list all spells.
Pargi is struck by an arc of lightning.
Pargi is lightly wounded.
You are struck by an arc of lightning.
The lightning grounds out.
Pargi bites you! Pargi claws you. Pargi barely misses you.
Unknown command.
Casting: Static Discharge (safe; 7% risk of failure)
Confirm with . or Enter, or press ? or * to list all spells.
Pargi is struck by an arc of lightning!
Pargi is moderately wounded.
You are struck by an arc of lightning.
The lightning grounds out.
Pargi completely misses you. Pargi claws you. Pargi misses you.
Unknown command.
Casting: Static Discharge (safe; 7% risk of failure)
Confirm with . or Enter, or press ? or * to list all spells.
Pargi is struck by an arc of lightning!
Pargi is heavily wounded.
The lightning grounds out.
Pargi bites you. Pargi claws you but does no damage. Pargi claws you.
Unknown command.
Unknown command.
Casting: Static Discharge (safe; 7% risk of failure)
Confirm with . or Enter, or press ? or * to list all spells.
Pargi is struck by an arc of lightning.
Pargi is severely wounded.
You are struck by an arc of lightning.
* * * LOW HITPOINT WARNING * * *
The lightning grounds out.
Pargi bites you.
* * * LOW HITPOINT WARNING * * *
Pargi closely misses you. Pargi claws you.
You die...

#.≈≈≈.#
+.≈≈≈.+
#.≈≈≈.#
#.≈≈≈.#
+.≈≈≈.+
#.≈≈≈.#
####.≈≈≈.####
#..'T@∩....∩#
####.≈≈≈.####
#.≈≈≈.#
+.≈≈≈.+
#.≈≈≈.#
#.≈≈≈.#
+.≈≈≈.+
#.≈≈≈.#


You could see Pargi.

Vanquished Creatures
  A river rat (D:3)
  3 dart slugs
  An orc (D:3)
  2 bats
  5 endoplasms
  6 giant cockroaches
  2 goblins (D:1)
  3 hobgoblins
  3 quokkas (D:3)
  4 ball pythons
  2 kobolds (D:1)
  7 rats
39 creatures vanquished.

Notes
Turn   | Place    | Note
-------+----------+-------------------------------------------
     0 | D:1      | Bruhh the Demigod Air Elementalist began the quest for the
                  | Orb.
     0 | D:1      | Reached XP level 1. HP: 14/14 MP: 5/5
   206 | D:1      | Reached skill level 1 in Conjurations
   594 | D:1      | Reached XP level 2. HP: 20/20 MP: 5/7
   749 | D:1      | Reached skill level 3 in Air Magic
  2212 | D:3      | Reached XP level 3. HP: 26/26 MP: 6/9
  2252 | D:3      | Identified the +1 ring mail "Cang" {Dex+4}
  2644 | D:3      | Learned a level 2 spell: Static Discharge
  2657 | D:3      | Found a glowing drain.
  2690 | Sewer    | Entered a sewer
  2693 | Sewer    | Noticed Pargi
  2699 | Sewer    | Slain by Pargi

Illustrated notes

Levels and vault maps discovered:
D:1:      dpeg_arrival_pond, layout_loops_corners, kennysheep_decorative_pillar,
          minmay_hexomino_f4
D:2:      layout_loops_cross
D:3:      layout_loops_cross, jmf_multi_god_temple, gup_sewer_entry_bubbles,
          dreamdust_ecumenical_altar_drowned_temple
Sewer:    kennysheep_door_sewer

Skill      XL: |  1  2  3 |
---------------+----------+-----
Conjurations   | 1 2 |  2.2
Spellcasting   | 2 |  2.7
Air Magic      | 3 |  3.0
Dodging        | |  1.7
Stealth        | |  1.7

Action                   || total
-------------------------++-------
Melee: Unarmed           ||     1
       Staff             ||    21
 Cast: Shock             ||    75
       Static Discharge  ||     4
  Use: Scroll            ||     1
Armor: Robe              ||     6
Dodge: Dodged            ||    24

Table legend: (Time is in decaauts)
 A = Elapsed time spent in this place.
 B = Non-inter-level travel time spent in this place.
 C = Inter-level travel time spent in this place.
 D = Time resting spent in this place.
 E = Time spent auto-exploring this place.
 F = Levels seen in this place.
 G = Mean time per level.
                   A        B        C        D        E       F      G
               +--------+--------+--------+--------+--------+-----+--------+
         Total |   2719 |   2595 |    124 |     18 |   2288 |   4 |  679.8 |
       Dungeon |   2711 |   2587 |    124 |     18 |   2286 |   3 |  903.7 |
         Sewer |      8 |      8 |      0 |      0 |      2 |   1 |    8.0 |
               +--------+--------+--------+--------+--------+-----+--------+

Top non-repeatable levels by time:
     D:1: 1314 daAuts
     D:2: 800 daAuts
     D:3: 597 daAuts
   Sewer: 8 daAuts
